 Dungeon Crawl Stone Soup version 0.14-a0-3315-g09e681a (webtiles) character file.

336 4tharraofdagon the Skirmisher (level 5, -6/46 HPs)
             Began as a Centaur Fighter on Mar 15, 2014.
             Was a Follower of Zin.
             Mangled by Pikel
             ... wielding a +0,+1 whip of freezing
              (8 damage)
             ... on Level 6 of the Dungeon.
             The game lasted 00:05:19 (1065 turns).

4tharraofdagon the Skirmisher (Centaur Fighter)     Turns: 1065, Time: 00:05:19

HP  -6/46        AC  6     Str 23      XL: 5   Next: 77%
MP  13/13        EV 11     Int  8      God: Zin [*.....]
Gold 99          SH 18     Dex 14      Spells:  0 memorised,  4 levels left

rFire  . . .     SeeInvis .     a - +0 long sword
rCold  . . .     Clarity  .     r - +0 ring mail (curse)
rNeg   . . .     Conserve .     c - +0 shield
rPois  .         rCorr    .     (no helmet)
rElec  .         rRot     .     (no cloak)
SustAb . .       Spirit   .     (no gloves)
rMut   .         Warding  .     (no barding)
Saprov . . .     Stasis   .     (no amulet)
MR     .....                    y - ring of sustenance {unknown}
                                i - ring of magical power

@: mighty, agile, lethally poisoned, very quick, not resistant to hostile
enchantments, unstealthy
A: hooves 3, deformed body, herbivore 1, speed 2, fast metabolism 1, tough skin
3
a: Recite, Renounce Religion


You were on level 6 of the Dungeon.
You worshipped Zin.
Zin was aware of your devotion.
You were not hungry.

You visited 2 branches of the dungeon, and saw 7 of its levels.

You collected 109 gold pieces.
You donated 10 gold pieces.

Inventory:

Hand weapons
 a - a +0,+0 long sword (weapon)
 q - a -3,+0 whip
 A - a +0,+1 morningstar of flaming
Missiles
 f - a throwing net (quivered)
Armour
 b - a +0 scale mail
 c - a +0 shield (worn)
 m - a +0 ring mail
 r - a cursed +0 ring mail (worn)
 z - a +0 cloak
Magical devices
 o - a wand of cold (3)
Comestibles
 d - 3 bread rations
 g - 2 meat rations
Scrolls
 h - a scroll of enchant weapon I {unknown}
 k - 3 scrolls of remove curse
 l - 3 scrolls of identify {unknown}
 p - 2 scrolls of enchant weapon II {unknown}
 s - 2 scrolls of teleportation {unknown}
 t - a scroll of amnesia {unknown}
 u - a scroll of fog {unknown}
 x - a scroll of recharging {unknown}
 B - a scroll of fear {unknown}
Jewellery
 i - a ring of magical power (left hand)
 y - a ring of sustenance (right hand) {unknown}
Potions
 e - a potion of might
 j - a potion of invisibility {unknown}
 n - a potion of curing {unknown}


   Skills:
 + Level 3.9 Fighting
 - Level 2.8 Long Blades
 * Level 1.4 Maces & Flails
 + Level 3.0 Armour
 + Level 1.8 Dodging
 - Level 2.1 Shields
 + Level 1.0 Invocations


You had 4 spell levels left.
You didn't know any spells.

Dungeon Overview and Level Annotations

Branches:
Dungeon (6/15)             Temple (1/1) D:5

Altars:
Ashenzari
Dithmenos
Fedhas
Makhleb
Nemelex Xobeh
Okawaru
Sif Muna
Trog
Vehumet
Xom
Zin
The Shining One

Annotations:
D:6 Pikel


Innate Abilities, Weirdness & Mutations

You have hooves in place of feet.
Armour fits poorly on your strangely shaped body.
You digest meat inefficiently.
You cover ground very quickly.
You have a fast metabolism.
You have extremely tough skin (AC +3).


Message History

You block the giant frog's attack. The slave misses you.
You barely miss the giant frog.
The giant frog is heavily wounded.
The giant frog closely misses you. The slave hits you.
* * * LOW HITPOINT WARNING * * *
The giant frog hits you.
* * * LOW HITPOINT WARNING * * *
The giant frog hits you but does no damage.
You closely miss Pikel. Your kick misses Pikel.
You feel sick. The giant frog closely misses you.
Pikel hits you with a runed whip.
* * * LOW HITPOINT WARNING * * *
Pikel freezes you.
* * * LOW HITPOINT WARNING * * *
Unknown command.
You slash Pikel! You kick Pikel.
Pikel is heavily wounded.
You block the giant frog's attack. The giant frog completely misses you.
Pikel sighs. "I should go into elves; they're easier to handle.
And prettier!"
Pikel hits you with a whip of freezing!
You die...

.................#
..####.#.......##
# #...#....##
#.####...F.#...F.
#........#%..####
####........##
#.########
#.#########.#
#.@@@@K@F...#
#############


You could see Pikel, 4 slaves and a giant frog.

Vanquished Creatures
  A giant frog (D:6)
  A scorpion (D:6)
  2 worker ants (D:6)
  An orc priest (D:6)
  A giant mite (D:6)
  A giant gecko (D:5)
  An ooze (D:1)
  3 orcs
  A ball python (D:2)
  3 bats
  4 hobgoblins
  2 jackals (D:2)
  2 quokkas
  2 giant cockroaches
  2 giant newts
  3 goblins
  7 kobolds
  A quokka zombie (D:6)
  2 rats
40 creatures vanquished.

Notes
Turn   | Place    | Note
--------------------------------------------------------------
     0 | D:1      | 4tharraofdagon, the Centaur Fighter, began the quest for the Orb.
     0 | D:1      | Reached XP level 1. HP: 19/19 MP: 1/1
    61 | D:1      | Reached XP level 2. HP: 26/26 MP: 2/2
   389 | D:3      | Reached skill level 1 in Dodging
   575 | D:4      | Reached XP level 3. HP: 23/31 MP: 3/3
   613 | D:5      | Entered Level 5 of the Dungeon
   671 | D:5      | Found a staircase to the Ecumenical Temple.
   688 | Temple   | Entered the Ecumenical Temple
   729 | Temple   | Became a worshipper of Zin the Law-Giver
   779 | D:6      | Noticed a giant frog
   789 | D:6      | Killed a giant frog
   789 | D:6      | Reached XP level 4. HP: 21/39 MP: 3/3
   830 | D:6      | Noticed a sky beast
   870 | D:6      | Acquired Zin's first power
   941 | D:6      | Found a deep blue altar of Sif Muna.
   944 | D:6      | Found a sparkling altar of Nemelex Xobeh.
   947 | D:6      | Found a radiant altar of Vehumet.
   964 | D:6      | Found a glowing golden altar of the Shining One.
   966 | D:6      | Reached XP level 5. HP: 46/46 MP: 4/4
  1007 | D:6      | Reached skill level 1 in Maces & Flails
  1043 | D:6      | Noticed a giant frog
  1045 | D:6      | Noticed a scorpion
  1050 | D:6      | Noticed a slave
  1051 | D:6      | Noticed a slave
  1052 | D:6      | Noticed Pikel
  1052 | D:6      | Noticed a slave
  1055 | D:6      | Noticed a slave
  1060 | D:6      | Killed a scorpion
  1060 | D:6      | Reached skill level 1 in Invocations
  1064 | D:6      | HP: 2/46 [Pikel/runed whip (1)]
  1065 | D:6      | Mangled by Pikel

Action                   |  1- 3 |  4- 6 || total
-------------------------+-------+-------++-------
Melee: Long sword        |    66 |    30 ||    96
       Morningstar       |       |    13 ||    13
Throw: Throwing net      |     1 |       ||     1
Evoke: Wand              |     1 |       ||     1
  Use: Scroll            |     1 |       ||     1
       Potion            |       |     5 ||     5
